 Dungeon Crawl Stone Soup version 0.31.0-11-ge490571c62 (webtiles) character file.

Game seed: 3245685621905398321

5591 ces the Skirmisher (level 10, -1/49 HPs)
             Began as a Spriggan Hunter on Jan 29, 2024.
             Killed from afar by an acid dragon (29 damage)
             ... with a splash of acid
             ... on level 10 of the Dungeon.
             The game lasted 00:17:23 (8177 turns).

ces the Skirmisher (Spriggan Hunter)                Turns: 8177, Time: 00:17:23

Health: -1/49      AC:  4    Str:  7    XL:     10   Next: 45%
Magic:  11/11      EV: 26    Int: 12    God:
Gold:   435        SH:  0    Dex: 28    Spells: 9/9 levels left

rFire   + . .        a - +2 shortbow (flame)
rCold   . . .        (shield currently unavailable)
rNeg    . . .        c - +2 robe
rPois   .            (helmet restricted)
rElec   .            (no cloak)
rCorr   .            (gloves unavailable)
SInv    +            (boots unavailable)
Will    +....        (no amulet)
Stlth   +++          y - +6 ring of dexterity
HPRegen 0.28/turn    B - ring of protection from fire
MPRegen 0.12/turn

%: no passive effects
@: very quick
A: very small, no large weapons, unfitting armour, see invisible, speed 3
a: no special abilities


You were on level 10 of the Dungeon.
You visited 2 branches of the dungeon, and saw 11 of its levels.
You also visited: Ossuary.

You collected 732 gold pieces.
You spent 297 gold pieces at shops.

Inventory:

Hand Weapons
 a - a +2 shortbow of flaming (weapon)
 b - a +3 dagger of holy wrath
Armour
 c - a +2 robe (worn)
Jewellery
 j - a ring of ice
 n - a ring of protection from fire
 x - a ring of fire
 y - a +6 ring of dexterity (left hand)
 B - a ring of protection from fire (right hand)
 C - a ring of positive energy
 F - a ring of resist corrosion
Wands
 i - a wand of roots (6)
 z - a wand of mindburst (17)
 D - a wand of polymorph (3)
 E - a wand of flame (14)
 H - a wand of light (7)
 I - a wand of digging (9)
Scrolls
 h - a scroll of fog {unknown}
 l - 4 scrolls of teleportation
 m - a scroll of vulnerability {unknown}
 q - a scroll of blinking {unknown}
 r - a scroll of amnesia
 u - a scroll of acquirement {unknown}
 v - a scroll of immolation {unknown}
 w - 5 scrolls of identify {unknown}
 G - 2 scrolls of noise
Potions
 d - 5 potions of curing
 e - a potion of attraction {unknown}
 f - 2 potions of degeneration
 g - 2 potions of lignification {unknown}
 k - a potion of haste {unknown}
 o - a potion of magic {unknown}
 p - 2 potions of heal wounds {unknown}
 s - 2 potions of cancellation
 t - a potion of berserk rage {unknown}
 J - a potion of enlightenment {unknown}


   Skills:
 + Level 3.6 Fighting
 + Level 14.4 Ranged Weapons
 * Level 8.0 Dodging
 - Level 1.5 Stealth


You had 9 spell levels left.
You didn't know any spells.
Your spell library contained the following spells:

 Spells                   Type           Power      Damage    Failure   Level
 Kiss of Death            Conj/Necr      0%         2d5       32%         1
 Ensorcelled Hibernation  Hex/Ice        0%         N/A       45%         2
 Confusing Touch          Hex            0%         N/A       69%         3
 Fugue of the Fallen      Necr           0%         N/A       69%         3
 Anguish                  Hex/Necr       0%         N/A       97%         4
 Dispel Undead            Necr           0%         3d6       97%         4
 Vhi's Electric Charge    Tloc/Air       0%         N/A       97%         4
 Arcjolt                  Conj/Air       0%         1d10      100%        5
 Plasma Beam              Fire/Air       0%         2x1d10    100%        6


Dungeon Overview and Level Annotations

Branches:
Dungeon (11/15)            Temple (1/1) D:7         Ossuary (visited)
   Lair: D:8-11         Orc: D:9-12

Altars:
Ashenzari
Cheibriados
Dithmenos
Elyvilon
Fedhas
Hepliaklqana
Makhleb
Nemelex Xobeh
Qazlal
Ru
Sif Muna
Trog
Uskayaw
Vehumet
Wu Jian
Xom
Zin
The Shining One

Shops:
D:6 *   D:10 =

Annotations:
D:6 Jeremiah
D:7 2 runed translucent doors, Biggs's ghost, novice OpSh


Innate Abilities, Weirdness & Mutations

You are very small and have problems with some larger weapons.
You are too small for most types of armour.
You have supernaturally acute eyesight. (SInv)
You cover ground extremely quickly. (Speed+++)


Message History

The yak is heavily wounded.
You shoot an arrow. The arrow closely misses the yak.
You shoot an arrow. The arrow hits the yak!
The arrow burns the yak.
The yak is almost dead.
You shoot an arrow. The arrow hits the yak!
The arrow burns the yak.
You kill the yak!
Your Dodging skill increases to level 8!
You shoot an arrow.
The arrow closely misses the acid dragon.
You shoot an arrow. The arrow hits the acid dragon.
The arrow burns the acid dragon.
The acid dragon is moderately wounded.
The acid dragon bites you. The acid dragon misses you.
The acid dragon completely misses you. The acid dragon claws you.
You climb upwards.
There is a stone staircase leading down here.
You shoot an arrow. The arrow hits the acid dragon!
The arrow burns the acid dragon.
The acid dragon is severely wounded.
The acid dragon misses you.
The acid dragon claws you but does no damage.
You shoot an arrow.
The arrow hits the acid dragon but does no damage.
The acid dragon is severely wounded.
You shoot an arrow. The arrow hits the acid dragon.
The arrow burns the acid dragon.
The acid dragon is severely wounded.
The acid dragon bites you! The acid dragon misses you.
You shoot an arrow.
The arrow closely misses the acid dragon.
The acid dragon bites you. The acid dragon misses you.
You shoot an arrow.
The arrow barely misses the acid dragon.
You shoot an arrow.
The arrow hits the acid dragon but does no damage.
The acid dragon is severely wounded.
The acid dragon spits acid at you. The splash of acid hits you!!
Ouch! That really hurt!
You die...

#######.....(....................
.................................
....................##+##........
....................#...######'#.
....................#..........+.
....................#...##.....#.
.............#####'####+##<....#.
..[..........#...D...).........#.
.............#..@..............#.
.............#.....#######...###.
.............#####+##...######...
.............'.....#....#....#...
#######......#.....#....#....#...
#......#.....#....#....'...
#......#.....'....##..##...
#......#####.###..###'###'#
####'#.....#.###>.##......#


You could see an acid dragon (catching breath).

Vanquished Creatures
  A two-headed ogre (D:10)
  A cane toad (shapeshifter) (D:10)
  2 trolls
  Sigmund (D:3)
  A wraith (D:10)
  A shadow (D:10)
  2 yaks (D:11)
  Eustachio (D:4)
  Grum (D:8)
  Duvessa (D:6)
  An ice beast (D:6)
  2 orc warriors (D:8)
  3 wolves
  An ogre (D:3)
  3 centaurs
  2 phantoms (D:4)
  2 kobold brigands
  2 weeping skulls (Ossuary)
  6 bullfrogs
  An elf zombie (Ossuary)
  4 wights (D:8)
  Dowan (D:6)
  6 howler monkeys
  A centaur zombie (Ossuary)
  2 hounds (D:6)
  2 orc priests
  A jelly (D:4)
  A human zombie (Ossuary)
  A sleepcap (D:4)
  Jessica (D:2)
  4 gnoll boudas
  Terence (D:2)
  2 orc wizards (D:7)
  4 iguanas
  A hound zombie (Ossuary)
  2 mummies (Ossuary)
  19 gnolls
  6 adders
  A white imp (D:6)
  2 ribbon worms (D:2)
  4 dart slugs
  15 orcs
  2 ball pythons
  An endoplasm (D:3)
  5 giant cockroaches
  10 goblins
  4 hobgoblins
  2 jackals (D:1)
  4 quokkas
  3 bats
  4 frilled lizards
  18 kobolds
  An orc zombie (Ossuary)
  3 rats
173 creatures vanquished.

Notes
Turn   | Place    | Note
-------+----------+-------------------------------------------
     0 | D:1      | ces the Spriggan Hunter began the quest for the Orb.
     0 | D:1      | Reached XP level 1. HP: 10/10 MP: 2/2
   434 | D:1      | Reached XP level 2. HP: 14/14 MP: 3/3
  1050 | D:2      | Reached skill level 5 in Ranged Weapons
  1061 | D:2      | Noticed Terence
  1115 | D:2      | Killed Terence
  1116 | D:2      | Reached XP level 3. HP: 16/18 MP: 4/4
  1192 | D:2      | Reached XP level 4. HP: 16/22 MP: 5/5
  1704 | D:2      | Noticed Jessica
  1705 | D:2      | Killed Jessica
  1706 | D:2      | Reached skill level 6 in Ranged Weapons
  2025 | D:2      | Reached XP level 5. HP: 19/25 MP: 6/6
  2270 | D:3      | Noticed Sigmund
  2299 | D:3      | Killed Sigmund
  2300 | D:3      | Reached skill level 7 in Ranged Weapons
  2300 | D:3      | Reached XP level 6. HP: 24/30 MP: 7/7
  2343 | D:3      | Reached skill level 8 in Ranged Weapons
  3067 | D:4      | Noticed Eustachio
  3102 | D:4      | Found a blossoming altar of Fedhas.
  3207 | D:4      | Reached XP level 7. HP: 33/33 MP: 8/8
  3271 | D:4      | Found a stormy altar of Qazlal.
  3420 | D:4      | Found a sand-covered staircase.
  3434 | Ossuary  | Entered an ossuary
  3434 | Ossuary  | Found a huge runed translucent gate.
  3434 | Ossuary  | Found a huge runed translucent gate.
  3434 | Ossuary  | Found a huge runed translucent gate.
  3434 | Ossuary  | Found a huge runed translucent gate.
  3434 | Ossuary  | Found a huge runed translucent gate.
  3434 | Ossuary  | Found a huge runed translucent gate.
  3434 | Ossuary  | Found a huge runed translucent gate.
  3434 | Ossuary  | Found a huge runed translucent gate.
  3434 | Ossuary  | Found a huge runed translucent gate.
  3435 | Ossuary  | Found a huge runed translucent gate.
  3435 | Ossuary  | Found a huge runed translucent gate.
  3436 | Ossuary  | Found a huge runed translucent gate.
  3436 | Ossuary  | Found a huge runed translucent gate.
  3438 | Ossuary  | Found a huge runed translucent gate.
  3438 | Ossuary  | Found a huge runed translucent gate.
  3463 | Ossuary  | Reached skill level 9 in Ranged Weapons
  3484 | Ossuary  | Found a huge runed translucent gate.
  3484 | Ossuary  | Found a huge runed translucent gate.
  3484 | Ossuary  | Found a huge runed translucent gate.
  3484 | Ossuary  | Found a huge runed translucent gate.
  3484 | Ossuary  | Found a huge runed translucent gate.
  3485 | Ossuary  | Found a huge runed translucent gate.
  3485 | Ossuary  | Found a huge runed translucent gate.
  3487 | Ossuary  | Found a huge runed translucent gate.
  3487 | Ossuary  | Found a huge runed translucent gate.
  3488 | Ossuary  | Found a huge runed translucent gate.
  3488 | Ossuary  | Found a huge runed translucent gate.
  3489 | Ossuary  | Found a huge runed translucent gate.
  3489 | Ossuary  | Found a huge runed translucent gate.
  3494 | Ossuary  | Found a huge runed translucent gate.
  3494 | Ossuary  | Found a huge runed translucent gate.
  3547 | Ossuary  | Found a huge runed translucent gate.
  3547 | Ossuary  | Found a huge runed translucent gate.
  3547 | Ossuary  | Found a huge runed translucent gate.
  3547 | Ossuary  | Found a huge runed translucent gate.
  3547 | Ossuary  | Found a huge runed translucent gate.
  3857 | D:4      | Reached skill level 10 in Ranged Weapons
  3882 | D:4      | Found a white marble altar of Elyvilon.
  3973 | D:4      | Identified the +0 buckler of the Hanged Man {Dex+3}
  4075 | D:4      | Killed Eustachio
  4076 | D:4      | Reached XP level 8. HP: 25/37 MP: 9/9
  4450 | D:5      | Entered Level 5 of the Dungeon
  4623 | D:5      | Reached skill level 11 in Ranged Weapons
  4838 | D:6      | Noticed Duvessa
  4857 | D:6      | Killed Duvessa
  4869 | D:6      | Noticed Dowan
  4906 | D:6      | Killed Dowan
  4907 | D:6      | Reached skill level 12 in Ranged Weapons
  5054 | D:6      | Found Sarua's Assorted Antiques.
  5101 | D:6      | Bought a small moonstone ring for 165 gold pieces
  5101 | D:6      | Bought a tapered gold wand for 132 gold pieces
  5210 | D:6      | Noticed a troll
  5267 | D:6      | Killed a troll
  5268 | D:6      | Reached XP level 9. HP: 41/41 MP: 10/10
  5415 | D:6      | Noticed Jeremiah
  5602 | D:7      | Found a large runed translucent door.
  5602 | D:7      | Found a large runed translucent door.
  5606 | D:7      | Noticed Biggs's ghost (novice OpSh)
  5688 | D:7      | Found a staircase to the Ecumenical Temple.
  5701 | Temple   | Entered the Ecumenical Temple
  5813 | D:7      | Reached skill level 13 in Ranged Weapons
  5933 | D:7      | Found a flagged portal.
  6460 | D:8      | Found the +11 Singing Sword {sonic wave}
  6598 | D:8      | Noticed Grum
  7297 | D:8      | Killed Grum
  7298 | D:8      | Reached skill level 14 in Ranged Weapons
  7494 | D:8      | You fall into a shaft and drop 2 floors!
  7494 | D:10     | Entered Level 10 of the Dungeon
  7505 | D:10     | Noticed a cane toad
  7529 | D:10     | Killed a cane toad
  7530 | D:10     | Reached skill level 5 in Dodging
  7580 | D:10     | Reached XP level 10. HP: 47/47 MP: 11/11
  7643 | D:10     | Found Etroan's Jewellery Shop.
  7868 | D:10     | Noticed a two-headed ogre
  7892 | D:10     | Killed a two-headed ogre
  8177 | D:10     | Killed from afar by an acid dragon

Illustrated notes

Levels and vault maps discovered:
D:1:      amcnicky_arrival_flooded_fountain, layout_basic, serial_bayou,
          serial_bayou_lagoon_a, serial_bayou_pond_e, serial_bayou_shore_a,
          serial_bayou_ford_a
D:2:      layout_loops_ring, kennysheep_minor_cross, uniq_jessica, uniq_terence
D:3:      layout_loops_ring, dreamdust_princess_bridge, uniq_sigmund
D:4:      layout_gridville, grunt_temple_overflow_forces_of_nature,
          elyvilon_altar_5, nicolae_ossuary_entry_ruins, uniq_eustachio
D:5:      layout_gridville, uniq_blork_the_orc
D:6:      layout_rooms, serial_shops, nicolae_diamond_shop,
          nicolae_benzene_ring, serial_park_tiny_1, hex_large,
          minmay_statues_item, st_stairs_6, uniq_jeremiah, uniq_duvessa
D:7:      layout_basic, minmay_temple_entry_drinking_statues, enter_bailey_3,
          ebering_ghost_disaster_area
D:8:      layout_basic, mainiacjoe_overflow_alcove_3, sword_in_stone, uniq_grum
D:10:     layout_gridville, serial_shops, nicolae_shop_real_fake_doors
D:11:     minmay_tearing_corner, layout_irregular_city, uniq_snorg,
          uniq_josephine, uniq_urug
Temple:   regret_index_temple_generic_petals

Skill      XL: |  1  2  3  4  5  6  7  8  9 10 |
---------------+-------------------------------+-----
Ranged Weapons | 5 6 7 8 10 12 14 | 14.4
Dodging        | 5 8 |  8.0
Fighting       | 2 3 |  3.6
Stealth        | |  1.5

Action                     |  1- 3 |  4- 6 |  7- 9 | 10-12 || total
---------------------------+-------+-------+-------+-------++-------
   Fire: Shortbow          |   110 |   136 |   508 |    76 ||   830
  Evoke: Wand              |       |       |     3 |       ||     3
    Use: Scroll            |       |       |    11 |       ||    11
         Potion            |       |       |     3 |       ||     3
 Armour: Robe              |    18 |    13 |    68 |     8 ||   107
  Dodge: Dodged            |    29 |    51 |   177 |    11 ||   268
